wizbiz, neutral female human Wizard ---------- * ....... |...<....| # *|...... |.........#######[#####-.....| |........| # ##...@..| |.........#############-...u-- *#.-------- -- |......%.| # ######### ` ##-%.........| |........| # ### ##|........... --------|- # ### ####|..........| # # # # #------------ # # ### # ### # # # ############## ### --------#` # |.......# ---%------# |......| |.........# ##.......| |........| # -------- |.........######### ---------- wizbiz the Thaumaturge Experience level: 7 Strength: 14 Dexterity: 10 Constitution: 14 Intelligence: 18 Wisdom: 14 Charisma: 11 Health: 0(51) Energy: 27(76) Def: -2 Gold: 30 Moves: 3398 Dungeon seed: JghfVZ5galX6EjoI Game ID: wizbiz_1526259160 Your Inventory: Coins $ - 30 gold pieces Weapons a - a blessed +1 quarterstaff (weapon in hands) w - a +0 elven dagger x - a +0 sling G - 20 +0 crossbow bolts M - a blessed +1 sling Armor e - an uncursed +0 cloak of magic resistance (being worn) O - a cursed -4 pair of gauntlets of fumbling (being worn) Y - an uncursed +0 dwarvish cloak Comestibles q - an uncursed food ration v - an uncursed lembas wafer C - an uncursed tin of hobbit meat Scrolls i - a blessed scroll of gold detection k - an uncursed scroll of light o - a blessed scroll of remove curse p - a blessed scroll of destroy armor E - an uncursed scroll of amnesia Spellbooks l - a blessed spellbook of force bolt m - an uncursed spellbook of extra healing s - an uncursed spellbook of restore ability t - an uncursed spellbook of knock y - an uncursed spellbook of cancellation Potions f - 2 uncursed potions of water g - an uncursed potion of full healing h - an uncursed potion of sleeping F - an uncursed potion of invisibility J - an uncursed potion of levitation Rings c - an uncursed ring of teleport control (on left hand) d - an uncursed ring of sustain ability Wands b - a wand of secret door detection (0:13) u - a wand of slow monster (0:7) A - a wand of fire (0:4) Tools n - a magic marker (0:90) I - 2 uncursed tallow candles (0:200) Gems r - an uncursed worthless piece of red glass z - an uncursed worthless piece of white glass N - an uncursed worthless piece of green glass Spells and supernatural/magical abilities: Name Level Category Fail Memory a - force bolt 1 attack 0% 84% k - knock 1 matter 0% 84% x - extra healing 3 healing 77% 84% C - cancellation 7 matter 100% 87% R - restore ability 4 healing 100% 84% W - pray for help -- divine ? -- Your skills at the end: Fighting Skills Weapon Skills quarterstaff [Basic] Spellcasting Skills attack spells [Skilled] enchantment spells [Basic] Final Attributes: You were piously aligned. You were magic-protected. You fumbled. You aggravated monsters. You could teleport. You had teleport control. You are dead. Vanquished creatures: a large cat 10 leprechauns a dog a gnome mummy 2 rock moles a straw golem a giant ant 2 little dogs a kitten a dwarf a homunculus a werejackal 2 acid blobs 2 gas spores 3 hobbits 3 manes a large kobold 7 giant rats 2 cave spiders a green mold 3 gnomes 2 gnome zombies 3 geckos 8 jackals 2 foxes a kobold a goblin a grid bug 4 lichens a kobold zombie 7 newts 77 creatures vanquished. Voluntary challenges: You had been an atheist until turn 2649. You used a wielded weapon 64 times, starting on turn 18. You read items or engraved 82 times, starting on turn 121. You never genocided any monsters. You never polymorphed an object. You never changed form. You used no wishes. You never split a pudding. You never wrote Elbereth's name. You never violated your personal moral code. Dungeon overview: The Dungeons of Doom: levels 1 to 6 Level 1 a fountain a long staircase Level 2 a fountain stairs to The Gnomish Mines Level 3 Level 4 a fountain Level 5 (vault) a fountain Level 6 <- You were here The Gnomish Mines: Level 3 stairs to The Dungeons of Doom History has recorded: On T:1 you entered the Dungeons of Doom to retrieve the Amulet of Yendor! On T:291 you reached level 2 of The Dungeons of Doom. On T:369 you advanced to experience level 2. On T:431 you reached level 1 of The Gnomish Mines. On T:567 you reached level 3 of The Dungeons of Doom. On T:758 you advanced to experience level 3. On T:919 you reached level 4 of The Dungeons of Doom. On T:1283 you reached level 5 of The Dungeons of Doom. On T:1434 you advanced to experience level 4. On T:1695 you reached level 6 of The Dungeons of Doom. On T:2261 you advanced to experience level 5. On T:2680 you advanced to experience level 6. On T:3325 you advanced to experience level 7. Score breakdown: Gold: 30 ( 5073 points) Experience: 7 levels (13645 points) Exploration: 6 levels ( 11.76%) ( 9486 points) Discoveries: 3 items ( 1.05%) ( 3067 points) Valuables value: (no points given unless you survive) Artifact value: 0 ( 0 points) Variety of kills: 31 monsters ( 8.14%) ( 8557 points) Turncount: 3398 turns ( -784 points) Survival: died (score multiplied by 80%) Total score: 31235 Latest messages: You start equipping your cloak of magic resistance. You take off your hooded cloak. You are now wearing a cloak of magic resistance. Where do you want to travel to? Never mind. You see here 11 rocks. You see here 8 rocks. You see here 11 rocks. You stop exploring. The white unicorn butts! The white unicorn kicks! The white unicorn butts! The white unicorn kicks! The white unicorn butts! The white unicorn kicks! The spell hits the white unicorn! The white unicorn butts! The white unicorn kicks! The white unicorn butts! The white unicorn kicks! You die... Final status: Goodbye wizbiz the Wizard, killed by a white unicorn... You died in The Dungeons of Doom on dungeon level 6 with 31235 points, and 30 pieces of gold, after 3398 moves. You were level 7 with a maximum of 51 hit points when you died.